 Dungeon Crawl Stone Soup version 0.19.1 (webtiles) character file.

1501 M4edhros the Insei (level 8, -4/62 HPs)
             Began as a Mummy Monk on Dec 11, 2016.
             Slain by a killer bee (8 damage)
             ... on level 6 of the Dungeon.
             The game lasted 00:13:37 (10980 turns).

M4edhros the Insei (Mummy Monk)                    Turns: 10980, Time: 00:13:38

Health: -4/62      AC:  1    Str: 15    XL:     8   Next: 52%
Magic:  8/8        EV: 15    Int:  9    God:
Gold:   281        SH:  0    Dex: 16    Spells: 0 memorised, 7 levels left

rFire  . . .     SeeInvis .       - Unarmed
rCold  + . .     Gourm    .     (no armour)
rNeg   + + +     Faith    .     (no shield)
rPois  ∞         Spirit   .     (no helmet)
rElec  .         Reflect  .     (no cloak)
rCorr  .         Harm     .     (no gloves)
MR     +....                    b - +0 pair of boots
Stlth  ++........               (no amulet)
                                j - ring of protection from cold
                                h - ring of fire

@: no status effects
A: no food or potions, fire vulnerability, cold resistance 1, negative energy
resistance 3, torment resistance, unbreathing
a: no special abilities


You were on level 6 of the Dungeon.
You were not hungry.

You visited 1 branch of the dungeon, and saw 6 of its levels.

You collected 281 gold pieces.

Inventory:

Armour
 b - a +0 pair of boots (worn)
Jewellery
 h - a ring of fire (left hand)
 j - a ring of protection from cold (right hand)
 p - an uncursed amulet of regeneration {unknown}
Wands
 m - a wand of flame (22/48)
 q - a wand of flame (14/48)
Scrolls
 a - 3 scrolls of amnesia
 c - a scroll of fog
 d - a scroll of identify
 e - 3 scrolls of remove curse
 k - 2 scrolls of recharging
 n - a scroll of random uselessness
 o - a scroll of immolation
Potions
 g - a potion of mutation {unknown}


   Skills:
 * Level 5.2 Fighting
 * Level 4.5 Dodging
 - Level 1.5 Stealth
 + Level 7.6 Unarmed Combat


You had 7 spell levels left.
You didn't know any spells.

Dungeon Overview and Level Annotations

Branches:
Dungeon (6/15)
 Temple: D:4-7

Altars:
Xom

Shops:
D:4 (   D:6 !


Innate Abilities, Weirdness & Mutations

You do not eat or drink.
Your flesh is vulnerable to fire.
You are immune to poison.
Your flesh is cold resistant. (rC+)
You are immune to negative energy. (rN+++)
You are immune to unholy pain and torment.
You can survive without breathing.


Message History

* * * LOW HITPOINT WARNING * * *
The killer bee stings you!
* * * LOW HITPOINT WARNING * * *
You miss the killer bee.
The killer bee is moderately wounded.
The killer bee misses you. The killer bee closely misses you.
You punch the killer bee!
You kill the killer bee!
The killer bee closely misses you.
You miss the killer bee. The killer bee stings you.
* * * LOW HITPOINT WARNING * * *
You hit the killer bee.
The killer bee is lightly wounded.
The killer bee stings you.
* * * LOW HITPOINT WARNING * * *
The killer bee closely misses you.
You barely miss the killer bee.
The killer bee is lightly wounded.
The killer bee stings you!
You die...

###.##
#########...#
#........y..##
##.#######....#
#.## ###..## ###
#...#### ##......
### ##.......
#@## ##......##
##y## ##.......##
##y##.....##..#
#y............#
#....(..........
##...............
#................
#................
#..............


You could see 3 killer bees.

Vanquished Creatures
  A sky beast (D:6)
  An ogre (D:4)
  A phantom (D:5)
  A centaur (D:5)
  2 big kobolds (D:3)
  2 killer bees (D:6)
  A howler monkey (D:3)
  A crimson imp (D:5)
  5 orc priests
  A gnoll shaman (D:5)
  5 hounds
  A jelly (D:6)
  5 orc wizards
  Natasha (thrice) (D:2 D:1)
  3 worker ants
  A howler monkey skeleton (D:4)
  3 gnolls (D:5)
  6 adders
  A shadow imp (D:6)
  An ooze (D:3)
  An adder zombie (D:5)
  2 worms
  3 leopard geckos
  15 orcs
  3 bats
  8 giant cockroaches
  4 goblins
  7 hobgoblins
  4 jackals (D:4)
  13 kobolds
  2 quokkas
  4 ball pythons
  12 frilled lizards
  A jackal zombie (D:6)
  A leopard gecko skeleton (D:4)
  10 rats
135 creatures vanquished.

Notes
Turn   | Place    | Note
-------+----------+-------------------------------------------
     0 | D:1      | M4edhros the Mummy Monk began the quest for the Orb.
     0 | D:1      | Reached XP level 1. HP: 18/18 MP: 1/1
     0 | D:1      | Noticed a gargoyle
     7 | D:1      | Noticed a minotaur skeleton
    11 | D:1      | Noticed a formicid
    16 | D:1      | Noticed a spriggan
    18 | D:1      | Noticed a merfolk zombie
    22 | D:1      | Noticed a human
    22 | D:1      | Noticed a formicid
   809 | D:1      | Reached XP level 2. HP: 21/24 MP: 2/2
   837 | D:1      | Reached skill level 3 in Unarmed Combat
  1862 | D:2      | Reached XP level 3. HP: 29/29 MP: 3/3
  1894 | D:2      | Noticed Natasha
  2102 | D:2      | Killed Natasha
  2388 | D:2      | Noticed Natasha
  2477 | D:2      | Killed Natasha
  2477 | D:2      | Reached skill level 4 in Unarmed Combat
  2477 | D:2      | Reached XP level 4. HP: 3/35 MP: 4/4
  2659 | D:2      | Noticed Natasha
  2667 | D:1      | Killed Natasha
  3276 | D:3      | Reached XP level 5. HP: 37/41 MP: 5/5
  3595 | D:3      | Reached skill level 5 in Unarmed Combat
  3964 | D:3      | Reached XP level 6. HP: 26/47 MP: 6/6
  4927 | D:3      | Reached skill level 6 in Unarmed Combat
  5503 | D:4      | Reached XP level 7. HP: 9/52 MP: 7/7
  6025 | D:4      | Reached skill level 7 in Unarmed Combat
  6118 | D:4      | Found Vubb's Weapon Shop.
  6609 | D:5      | Entered Level 5 of the Dungeon
  7372 | D:5      | Found a shimmering altar of Xom.
  7907 | D:6      | Found Ohepreus's Distillery.
  8458 | D:6      | Reached XP level 8. HP: 54/60 MP: 8/8
 10747 | D:5      | Reached skill level 5 in Fighting
 10980 | D:6      | Slain by a killer bee

Skill      XL: |  1  2  3  4  5  6  7  8 |
---------------+-------------------------+-----
Unarmed Combat | 3 4 5 6 7 |  7.6
Dodging        | 3 4 |  4.5
Fighting       | 4 5 |  5.2
Stealth        | |  1.5

Action                   |  1- 3 |  4- 6 |  7- 9 || total
-------------------------+-------+-------+-------++-------
Melee: Unarmed           |   157 |   249 |   313 ||   719
       Punch             |     5 |     9 |    13 ||    27
  Use: Scroll            |       |       |    12 ||    12
 Stab: Sleeping          |       |     3 |     1 ||     4
Armor: Skin              |    17 |    11 |    11 ||    39
Dodge: Dodged            |    80 |   107 |   200 ||   387
